 Dungeon Crawl Stone Soup version 0.29.1-1-gd02db6906a (webtiles) character file.

Game seed: 280395374504517725

56 croobank the Caller (level 3, -1/21 HPs)
             Began as an Octopode Summoner on Sept 29, 2022.
             Slain by a goblin
             ... wielding a +2 dagger of electrocution
             ... led by Robin
              (9 damage)
             ... on level 3 of the Dungeon.
             The game lasted 00:06:04 (2158 turns).

croobank the Caller (Octopode Summoner)             Turns: 2158, Time: 00:06:04

Health: -1/21      AC:  1    Str:  7    XL:     3   Next: 95%
Magic:  1/6        EV: 13    Int: 19    God:
Gold:   58         SH:  0    Dex: 12    Spells: 1/7 levels left

rFire   . . .      SeeInvis .   b - +1 dagger (venom)
rCold   . . .      Faith    .   (no shield)
rNeg    . . .      Spirit   .   (helmet restricted)
rPois   .          Reflect  .   (no amulet)
rElec   .          Harm     .   (no ring)
rCorr   .          Rampage  .   (no ring)
Will    .....                   (no ring)
Stlth   +++.......              (no ring)
HPRegen 0.07/turn               (no ring)
MPRegen 0.10/turn               (no ring)
                                (no ring)
                                (no ring)

@: no status effects
A: almost no armour, amphibious, 8 rings, camouflage 1, gelatinous body 1,
(nimble swimmer 1), tentacles
a: no special abilities


You were on level 3 of the Dungeon.
You visited 1 branch of the dungeon, and saw 4 of its levels.

You collected 58 gold pieces.

Inventory:

Hand Weapons
 b - a +1 dagger of venom (weapon)
Jewellery
 g - an amulet of regeneration
Scrolls
 f - a scroll of magic mapping {unknown}
 h - a scroll of identify {unknown}
 j - a scroll of brand weapon {unknown}
 l - a scroll of poison {unknown}
Potions
 a - a potion of magic
 c - 2 potions of heal wounds {unknown}
 d - a potion of brilliance {unknown}
 e - a potion of curing {unknown}
 i - a potion of ambrosia {unknown}
 k - a potion of mutation {unknown}


   Skills:
 + Level 2.5 Dodging
 + Level 3.7 Stealth
 + Level 2.5 Spellcasting
 + Level 4.4 Summonings


You had one spell level left.
You knew the following spells:

 Your Spells              Type           Power      Damage    Failure   Level
a - Summon Small Mammal   Summ           76%        N/A       2%          1
b - Call Imp              Summ           19%        N/A       4%          2
c - Call Canine Familiar  Summ           19%        N/A       8%          3

Your spell library contained the following spells:

 Spells                   Type           Power      Damage    Failure   Level
 Beastly Appendage        Tmut           4%         N/A       16%         1
 Summon Guardian Golem    Hex/Summ       10%        N/A       19%         3
 Wereblood                Tmut           2%         N/A       24%         2
 Conjure Flame            Conj/Fire      2%         6-21      43%         3
 Ignite Poison            Fire/Tmut/Pois 2%         N/A       43%         3
 Spider Form              Tmut/Pois      2%         N/A       43%         3
 Summon Lightning Spire   Summ/Air       10%        N/A       54%         4
 Sticky Flame             Conj/Fire      2%         2d3       85%         4
 Blade Hands              Tmut           1%         N/A       99%         5
 Iron Shot                Conj/Erth      1%         9d1       100%        6
 Borgnjor's Revivificati  Necr           1%         N/A       100%        8
 Necromutation            Tmut/Necr      1%         N/A       100%        8
 Death's Door             Necr           1%         N/A       100%        9
 Animate Armour           Summ/Erth      Unusable   N/A       N/A         4

Dungeon Overview and Level Annotations

Branches:
Dungeon (4/15)
 Temple: D:4-7

Altars:
Trog

Annotations:
D:3 Robin


Innate Abilities, Weirdness & Mutations

You cannot wear most types of armour.
You are amphibious.
You can wear up to eight rings at the same time.
Your skin changes colour to match your surroundings (Stealth+).
Your rubbery body absorbs attacks. (AC +1, EV +1)
((You are camouflaged when in or above water. (Stealth+)))
You have tentacles for arms and can constrict up to eight enemies at once.


Message History

The orc closely misses your bat.
Your hound barely misses the orc.
Your magical contamination has completely faded away.
Your hound bites the orc.
The orc dies!
Your bat disappears in a puff of smoke!
Your hound disappears in a puff of smoke!
Magic restored.
You pick up a book of Iron and begin reading...
You add the spells Blade Hands and Iron Shot to your library.
A goblin comes into view. It is wielding a +0 dagger.
A goblin is nearby!
Robin and 4 goblins come into view.
The goblin shouts! x3; You hear a shout!
Robin shouts!
You hear a shout!
A goblin comes into view.
It is wielding a +2 dagger of electrocution.
You miss the goblin.
The goblin shouts! x2
Your grab misses the goblin.
You hear a shout! x3; You hear an angry hiss.
You hear a shout!
Robin throws the goblin at you! The goblin closely misses you.
A goblin comes into view. It is wielding a +0 club.
The goblin closely misses you.
You hear a shout!
You hit the goblin but do no damage.
The goblin is poisoned.
You grab the goblin. You constrict the goblin.
The goblin completely misses you. The goblin closely misses you.
A goblin comes into view. It is wielding a +0 club.
The goblin closely misses you.
You release your grip on the goblin.
The goblin barely misses you.
Casting: Call Canine Familiar (quite dangerous; 8% risk of failure)
Confirm with . or Enter, or press ? or * to list all spells.
The goblin hits you with a +2 dagger of electrocution.
The goblin closely misses you.
Casting: Call Canine Familiar (quite dangerous; 8% risk of failure)
Confirm with . or Enter, or press ? or * to list all spells.
A beastly little devil appears in a puff of flame.
The goblin hits you with a +0 dagger.
The goblin hits you with a +2 dagger of electrocution.
You are electrocuted!
You die...

## gg gg #g #g
#######
#.##h....##
#.#@......####
#ggg#####....##
......5g##
##....####
........#
#..)....#
#####...+
#...###.# #...#
#..## #.###
#...# #..#
#.>.. #....
#..## #.###
####. ....# #.#


You could see Robin, 3 goblins, a friendly hound (summoned) and a friendly
crimson imp (summoned).

Vanquished Creatures
  An adder (D:2)
  A dart slug (D:1)
  2 bats (D:1)
  3 endoplasms
  A giant cockroach (D:1)
  A hobgoblin (D:1)
  3 ball pythons
  2 goblins (D:1)
  2 kobolds (D:1)
  4 rats
20 creatures vanquished.

Vanquished Creatures (collateral kills)
  A worm (D:2)
  An orc (D:3)
  3 endoplasms
  3 goblins
  2 quokkas (D:2)
  3 ball pythons
  A bat (D:2)
  2 frilled lizards (D:2)
  3 kobolds (D:2)
  2 rats (D:2)
21 creatures vanquished.

Vanquished Creatures (others)
  A plant (D:4)
1 creature vanquished.

Grand Total: 42 creatures vanquished

Notes
Turn   | Place    | Note
-------+----------+-------------------------------------------
     0 | D:1      | croobank the Octopode Summoner began the quest for the Orb.
     0 | D:1      | Reached XP level 1. HP: 11/11 MP: 3/3
   485 | D:1      | Reached XP level 2. HP: 17/17 MP: 5/5
   488 | D:1      | Learned a level 2 spell: Call Imp
   709 | D:1      | Found a faded altar of an unknown god.
  1076 | D:2      | Reached XP level 3. HP: 14/21 MP: 2/6
  1080 | D:2      | Learned a level 3 spell: Call Canine Familiar
  2024 | D:3      | Found a bloodstained altar of Trog.
  2054 | D:3      | You fall into a shaft and drop 1 floor!
  2152 | D:3      | Noticed Robin
  2158 | D:3      | Slain by a goblin

Illustrated notes

Levels and vault maps discovered:
D:1:      lightli_arrival_statue_moat, layout_basic,
          chequers_ecumenical_altar_twisty, grunt_decor_fettered
D:2:      layout_loops_cross
D:3:      layout_loops_ring, fedhas_altar_2, mainiacjoe_overflow_cross_hatched,
          moated_statue, kennysheep_jessica_study, uniq_robin
D:4:      layout_layer_cave, nicolae_gozag_zags_fifth_avenue, kennysheep_boxes

Skill      XL: |  1 |
---------------+----+-----
Stealth        | 3 |  3.7
Dodging        | |  2.5
Spellcasting   | |  2.5
Summonings     | |  4.4

Action                   || total
-------------------------++-------
Melee: Dagger            ||    28
       Constrict         ||     9
       Tentacles         ||     1
 Cast: Summon Small Mamm ||    32
       Call Imp          ||     8
       Call Canine Famil ||     6
  Use: Scroll            ||     2
 Stab: Sleeping          ||     4
       Distracted        ||     1
Armor: Skin              ||     3
Dodge: Dodged            ||    19
